 Dungeon Crawl Stone Soup version 0.29-a0-887-gcbe080d7e0 (webtiles) character file.

Game seed: 11421304864484041796

7 inmateoo the Trooper (level 1, 0/18 HPs)
             Began as a Demonspawn Fighter on July 22, 2022.
             Slain by an endoplasm (3 damage)
             ... on level 2 of the Dungeon.
             The game lasted 00:00:52 (666 turns).

inmateoo the Trooper (Demonspawn Fighter)            Turns: 666, Time: 00:00:53

Health: 0/18       AC:  6    Str: 16    XL:     1   Next: 83%
Magic:  1/1        EV:  8    Int:  9    God:
Gold:   12         SH:  4    Dex: 12    Spells: 0/0 levels left

rFire   . . .      SeeInvis .     - Unarmed
rCold   . . .      Faith    .   b - +0 buckler
rNeg    . . .      Spirit   .   a - +0 scale mail
rPois   .          Reflect  .   (no helmet)
rElec   .          Harm     .   (no cloak)
rCorr   .          Rampage  .   (no gloves)
Will    .....                   (no boots)
Stlth   ..........              (no amulet)
HPRegen 0.06/turn               (no ring)
MPRegen 0.07/turn               (no ring)

@: no status effects
A: no striking features
a: no special abilities


You were on level 2 of the Dungeon.
You visited 1 branch of the dungeon, and saw 2 of its levels.

You collected 12 gold pieces.

Inventory:

Armour
 a - a +0 scale mail (worn)
 b - a +0 buckler (worn)
Scrolls
 c - a scroll of fear {unknown}
 d - a scroll of teleportation {unknown}


   Skills:
 + Level 3.0 Fighting
 + Level 2.7 Armour
 + Level 0.2 Dodging
 + Level 2.7 Shields
 * Level 2.0 Unarmed Combat


You couldn't memorise any spells.
You didn't know any spells.
Your spell library was empty.

Dungeon Overview and Level Annotations

Branches:
Dungeon (2/15)

Altars:


Message History

The endoplasm hits you but does no damage.
There is a stone staircase leading down here.
The endoplasm freezes you.
You are frozen.
The endoplasm freezes you.
You are frozen.
You climb downwards.
There is a stone staircase leading up here.
You hit the endoplasm.
The endoplasm is severely wounded.
You block the endoplasm's attack. x2
The endoplasm attacks as you move away! The endoplasm barely misses you.
The endoplasm jiggles.
The endoplasm freezes you.
You are frozen.
You see here a +0 club.
The endoplasm attacks as you move away! The endoplasm barely misses you.
You are too injured to fight recklessly!
You hit the endoplasm.
The endoplasm is almost dead.
The endoplasm hits you.
You hit the endoplasm.
You kill the endoplasm!
You are too injured to fight recklessly!
You hit the endoplasm but do no damage.
The endoplasm hits you but does no damage.
You are too injured to fight recklessly!
You hit the endoplasm.
The endoplasm is moderately wounded.
The endoplasm freezes you.
You are frozen.
* * * LOW HITPOINT WARNING * * *
You are too injured to fight recklessly!
You hit the endoplasm but do no damage.
The endoplasm is moderately wounded.
The endoplasm closely misses you.
You barely miss the endoplasm.
The endoplasm is moderately wounded.
The endoplasm hits you.
You die...

# #########
#..####........
#....@J<#
##.######


You could see an endoplasm.

Vanquished Creatures
  A bat (D:1)
  2 endoplasms
  A goblin (D:1)
  A kobold (D:2)
5 creatures vanquished.

Notes
Turn   | Place    | Note
-------+----------+-------------------------------------------
     0 | D:1      | inmateoo the Demonspawn Fighter began the quest for the
                  | Orb.
     0 | D:1      | Reached XP level 1. HP: 18/18 MP: 1/1
   666 | D:2      | Slain by an endoplasm

Illustrated notes

Levels and vault maps discovered:
D:1:      dpeg_arrival_three_same_balls, layout_basic,
          hellmonk_ecumenical_altar_defaced_shrine
D:2:      layout_loops_ring

Skill      XL: |  1 |
---------------+----+-----
Unarmed Combat | 2 |  2.0
Fighting       | |  3.0
Armour         | |  2.7
Dodging        | |  0.2
Shields        | |  2.7

Action                   || total
-------------------------++-------
Melee: Unarmed           ||    40
  Use: Potion            ||     2
Armor: Scale mail        ||    31
Dodge: Dodged            ||    37
Block: Buckler           ||    15

Table legend: (Time is in decaauts)
 A = Elapsed time spent in this place.
 B = Non-inter-level travel time spent in this place.
 C = Inter-level travel time spent in this place.
 D = Time resting spent in this place.
 E = Time spent auto-exploring this place.
 F = Levels seen in this place.
 G = Mean time per level.
                   A        B        C        D        E       F      G
               +--------+--------+--------+--------+--------+-----+--------+
         Total |    647 |    647 |      0 |    406 |    114 |   2 |  323.5 |
       Dungeon |    647 |    647 |      0 |    406 |    114 |   2 |  323.5 |
               +--------+--------+--------+--------+--------+-----+--------+

Top non-repeatable levels by time:
     D:1: 468 daAuts
     D:2: 179 daAuts
